 Dungeon Crawl Stone Soup version 0.26.0-45-g9c1d065592 (webtiles) character file.

Game seed: 4097949313877359685

3860 kaeus the Skirmisher (level 9, -2/74 HPs)
             Began as a Demonspawn Fighter on Jan 29, 2021.
             Slain by an orc warrior
             ... wielding a +0 trident
              (22 damage)
             ... in a bailey.
             The game lasted 00:10:36 (5970 turns).

kaeus the Skirmisher (Demonspawn Fighter)           Turns: 5970, Time: 00:10:36

Health: -2/74      AC: 14    Str: 19    XL:     9   Next: 99%
Magic:  9/9        EV:  8    Int: 16    God:
Gold:   519        SH: 14    Dex: 13    Spells: 8/8 levels left

rFire    + . .     SeeInvis .   A - +11 dagger of the Iron City of Dis {venom, *Contam rPois Int+6}
rCold    . . .     Faith    .   c - +3 kite shield
rNeg     . . .     Spirit   .   q - +3 scale mail
rPois    +         Reflect  .   (helmet restricted)
rElec    .         Harm     .   (no cloak)
rCorr    +         Rampage  .   i - +2 pair of gloves
Will     .....                  (no boots)
Stlth    ..........             y - amulet of regeneration
HPRegen  0.62/turn              u - ring of protection from fire
MPRegen  0.11/turn              o - ring of resist corrosion

@: no status effects
A: claws 2, horns 1, talons 2, demonic guardian 1, powered by pain 2
a: no special abilities


You were in a bailey.
You visited 2 branches of the dungeon, and saw 8 of its levels.
You also visited: Bailey.

You collected 519 gold pieces.

Inventory:

Hand Weapons
 a - a +0 war axe
 A - the +11 dagger of the Iron City of Dis (weapon) {venom, *Contam rPois Int+6}
   (You found it on level 4 of the Dungeon)

   It poisons the flesh of those it strikes.
   It affects your intelligence (+6).
   It protects you from poison.
   It causes magical contamination when unequipped.
Missiles
 F - 2 atropa-tipped darts
Armour
 c - a +3 kite shield (worn)
 i - a +2 pair of gloves (worn)
 q - a +3 scale mail (worn)
Jewellery
 e - an uncursed ring of willpower
 o - a ring of resist corrosion (right hand)
 u - a ring of protection from fire (left hand)
 v - an uncursed amulet of the acrobat
 y - an amulet of regeneration (around neck)
Scrolls
 l - 3 scrolls of teleportation
 m - 5 scrolls of remove curse
 p - 2 scrolls of blinking
 t - a scroll of acquirement {unknown}
Potions
 b - a potion of resistance {unknown}
 d - 3 potions of might
 f - a potion of degeneration {unknown}
 g - 2 potions of lignification
 h - 2 potions of attraction {unknown}
 j - 8 potions of curing
 k - 2 potions of flight {unknown}
 n - a potion of brilliance
 r - a potion of mutation {unknown}
 w - 2 potions of haste {unknown}
 z - 2 potions of berserk rage {unknown}
 G - 3 potions of invisibility {unknown}
 I - 2 potions of cancellation {unknown}


   Skills:
 + Level 7.8 Fighting
 + Level 6.8 Axes
 + Level 7.1 Armour
 + Level 7.2 Shields


You had 8 spell levels left.
You didn't know any spells.
Your spell library was empty.

Dungeon Overview and Level Annotations

Branches:
Dungeon (7/15)             Temple (1/1) D:6          Bailey (1/1)

Altars:
Ashenzari
Cheibriados
Dithmenos
Elyvilon
Fedhas
Gozag
Hepliaklqana
Makhleb
Nemelex Xobeh
Okawaru
Qazlal
Ru
Sif Muna
Trog
Vehumet
Wu Jian
Xom
Yredelemnul
Zin
The Shining One


Innate Abilities, Weirdness & Mutations

You have very sharp fingernails.
You have a pair of small horns on your head.
You have razor-sharp toenails.
A weak demonic guardian rushes to your aid.
You sometimes gain power by taking damage.


Message History

You closely miss the orc warrior.
You claw the orc warrior, but do no damage.
Your headbutt misses the orc warrior.
The orc warrior is moderately wounded.
The orc warrior hits you with a +0 spear!
An orc warrior comes into view. It is wielding a +0 glaive.
The orc closely misses you. The orc completely misses you.
The orc warrior hits you with a +0 bardiche!!
* * * LOW HITPOINT WARNING * * *
Your shadow imp hits the orc warrior.
The orc barely misses you. You block the orc warrior's attack.
You take 36 damage, and have 8/74 hp.
MASSIVE DAMAGE!!
You feel much better.
The orc warrior hits you with a +0 spear.
* * * LOW HITPOINT WARNING * * *
You block the orc's attack.
Your shadow imp hits the orc warrior but does no damage.
You block the orc's attack.
The orc warrior hits you with a +0 trident!!
You die...

.......
#..o..#
#''o''#
##.....##
#...o...#
#...oo..#
#..o.oo.#
#..o@5).#
#...)...#
##.....##
##'''##
#.....#
#.....#
#.....#
#.....#
#.....#


You could see an orc knight, 5 orc warriors, 3 orcs and a friendly shadow imp
(summoned).

Vanquished Creatures
  A two-headed ogre (D:6)
  Pikel (D:5)
  Grinder (D:2)
  A basilisk (D:7)
  Eustachio (D:4)
  An ice beast (D:7)
  A necrophage (D:6)
  6 orc warriors
  A black bear (D:6)
  An ogre (D:6)
  4 centaurs
  A bullfrog (D:6)
  A scorpion (D:5)
  A howler monkey (D:5)
  A bullfrog zombie (D:7)
  5 hounds
  A jelly (D:7)
  3 orc priests
  9 orc wizards
  An iguana (D:6)
  5 worker ants
  A hound skeleton (D:7)
  13 adders
  4 gnolls (D:5)
  4 shadow imps
  2 white imps
  An ufetubus (D:6)
  2 oozes
  A worm (D:3)
  3 dart slugs
  6 leopard geckos
  46 orcs
  2 ball pythons
  11 giant cockroaches
  9 goblins
  11 hobgoblins
  10 jackals
  5 kobolds
  3 quokkas
  5 bats
  6 frilled lizards
  A jackal skeleton (D:4)
  A leopard gecko skeleton (D:4)
  A leopard gecko zombie (D:6)
  A quokka skeleton (D:6)
  14 rats
210 creatures vanquished.

Vanquished Creatures (collateral kills)
  A bullfrog (D:6)
  An orc wizard (D:5)
  3 orcs
  A giant cockroach (D:6)
6 creatures vanquished.

Vanquished Creatures (others)
  A bush (D:6)
  11 plants (D:6)
12 creatures vanquished.

Grand Total: 228 creatures vanquished

Notes
Turn   | Place    | Note
-------+----------+-------------------------------------------
     0 | D:1      | kaeus the Demonspawn Fighter began the quest for the Orb.
     0 | D:1      | Reached XP level 1. HP: 18/18 MP: 1/1
   334 | D:1      | Gained mutation: You have sharp toenails. [demonic
                  | ancestry]
   334 | D:1      | Reached XP level 2. HP: 24/24 MP: 2/2
  1216 | D:2      | Gained mutation: You have a pair of small horns on your
                  | head. [demonic ancestry]
  1216 | D:2      | Reached XP level 3. HP: 29/29 MP: 3/3
  1522 | D:2      | Found a broken altar of Ashenzari.
  1899 | D:3      | Noticed Grinder
  1904 | D:3      | Gained mutation: You have razor-sharp toenails. [demonic
                  | ancestry]
  1904 | D:3      | Reached XP level 4. HP: 35/35 MP: 4/4
  1907 | D:3      | Paralysed by Grinder for 4 turns
  2159 | D:3      | Paralysed by Grinder for 5 turns
  2175 | D:2      | Killed Grinder
  2176 | D:2      | Gained mutation: You have sharp fingernails. [demonic
                  | ancestry]
  2176 | D:2      | Reached XP level 5. HP: 12/42 MP: 5/5
  2176 | D:2      | Gained mutation: You sometimes gain a little power by
                  | taking damage. [demonic ancestry]
  2176 | D:2      | Reached XP level 6. HP: 13/48 MP: 6/6
  3070 | D:3      | Found a hazy altar of Hepliaklqana.
  3177 | D:4      | Got an ichor-stained dagger
  3185 | D:4      | Identified the +11 dagger of the Iron City of Dis {venom,
                  | *Contam rPois Int+6} (You found it on level 4 of the
                  | Dungeon)
  3244 | D:4      | Gained mutation: You have very sharp fingernails. [demonic
                  | ancestry]
  3244 | D:4      | Reached XP level 7. HP: 55/55 MP: 7/7
  3391 | D:4      | Noticed Eustachio
  3414 | D:4      | Killed Eustachio
  3684 | D:5      | Entered Level 5 of the Dungeon
  3697 | D:5      | Reached skill level 5 in Fighting
  3868 | D:5      | Noticed Pikel
  3911 | D:5      | Killed Pikel
  3912 | D:5      | Reached skill level 5 in Armour
  3912 | D:5      | Reached skill level 5 in Shields
  3912 | D:5      | Gained mutation: A weak demonic guardian rushes to your
                  | aid. [demonic ancestry]
  3912 | D:5      | Reached XP level 8. HP: 28/64 MP: 8/8
  3915 | D:5      | Reached skill level 5 in Axes
  4035 | D:5      | Found a burning altar of Makhleb.
  4504 | D:6      | Found a sacrificial altar of Ru.
  4532 | D:6      | Found a staircase to the Ecumenical Temple.
  4560 | D:6      | Noticed a two-headed ogre
  4569 | D:6      | Killed a two-headed ogre
  4570 | D:6      | Gained mutation: You sometimes gain power by taking damage.
                  | [demonic ancestry]
  4570 | D:6      | Reached XP level 9. HP: 28/71 MP: 9/9
  4673 | Temple   | Entered the Ecumenical Temple
  5194 | D:6      | Found a blossoming altar of Fedhas.
  5497 | D:7      | Found a sacrificial altar of Ru.
  5601 | D:7      | Found a basalt altar of Yredelemnul.
  5601 | D:7      | Found a shimmering altar of Xom.
  5674 | D:7      | Found a flagged portal.
  5682 | Bailey   | Entered a bailey
  5967 | Bailey   | Noticed an orc knight
  5970 | Bailey   | Slain by an orc warrior

Illustrated notes

Levels and vault maps discovered:
D:1:      dpeg_arrival_water_temple_mockup, layout_basic,
          minmay_misc_feat_nine_boxes
D:2:      layout_loops_ring, ashenzari_conservatory_becter, serial_forest,
          infiniplex_forest_lined_2, infiniplex_forest_lined_corner,
          infiniplex_forest_clump_long, infiniplex_forest_lined_1,
          minmay_randomly_rotated_circles
D:3:      layout_rooms, nzn_hepliaklqana_mist_gate, minmay_joined_circles,
          uniq_grinder
D:4:      layout_cave_pools, uniq_eustachio
D:5:      layout_loops_ring, makhleb_heckhound_becter, uniq_pikel
D:6:      layout_rooms, minmay_temple_entry_fiery, basic_altar,
          fedhas_altar_decomposition
D:7:      layout_loops_cross, grunt_temple_overflow_open, enter_bailey_3,
          nicolae_ru_great_annihilating_truth, uniq_crazy_yiuf_cottage
Temple:   eino_temple_water
Bailey:   bailey_polearm_5, bailey

Skill      XL: |  1  2  3  4  5  6  7  8  9 |
---------------+----------------------------+-----
Axes           | 2 3 4 5 6 |  6.8
Armour         | 3 4 5 6 7 |  7.1
Shields        | 3 4 5 6 7 |  7.2
Fighting       | 4 5 6 7 |  7.8

Action                   |  1- 3 |  4- 6 |  7- 9 || total
-------------------------+-------+-------+-------++-------
Melee: War axe           |    91 |   150 |   144 ||   385
       Kick              |    16 |    30 |    89 ||   135
       Headbutt          |     5 |    17 |    56 ||    78
       Dagger            |       |       |   175 ||   175
Throw: Dart              |       |       |     2 ||     2
  Use: Potion            |       |     1 |     4 ||     5
       Scroll            |       |     1 |    15 ||    16
 Stab: Distracted        |       |       |     1 ||     1
Armor: Scale mail        |    54 |    56 |   143 ||   253
Dodge: Dodged            |    40 |    51 |   152 ||   243
Block: Kite shield       |    70 |    83 |   269 ||   422
